 Dungeon Crawl Stone Soup version 0.23.0-3-gf3c87f2 (webtiles) character file.

Game seed: 11790967708757320357

5263 Fang the Fighter (level 10, 0/66 HPs)
             Began as a Gargoyle Berserker on Feb 21, 2019.
             Was an Elder of Trog.
             Hit by a large rock thrown by a cyclops (8 damage)
             ... on level 11 of the Dungeon.
             The game lasted 00:12:52 (6686 turns).

Fang the Fighter (Gargoyle Berserker)               Turns: 6686, Time: 00:12:52

Health: 0/66       AC: 20    Str: 28    XL:     10   Next: 62%
Magic:  0/10       EV: 17    Int:  9    God:    Trog [****..]
Gold:   359        SH:  0    Dex:  9    Spells: 9/9 levels left

rFire    . . .     SeeInvis .   m - +0 war axe
rCold    . . .     Gourm    .   (no shield)
rNeg     + . .     Faith    .   o - +1 chain mail
rPois    ∞         Spirit   +   v - +0 helmet
rElec    +         Reflect  .   (no cloak)
rCorr    .         Harm     .   (no gloves)
MR       .....                  (no boots)
Stlth    ..........             h - amulet of guardian spirit
HPRegen  0.21/turn              G - +5 ring of strength
MPRegen  0.12/turn              l - +6 ring of evasion

@: confused, about to teleport, berserk cooldown, slowed, very slow
A: negative energy resistance 1, electricity resistance, unbreathing,
petrification resistance, rot immunity, AC +7
a: Berserk, Trog's Hand, Brothers in Arms, Renounce Religion


You were on level 11 of the Dungeon.
You worshipped Trog.
Trog was greatly pleased with you.
You were near starving.

You visited 2 branches of the dungeon, and saw 11 of its levels.

You collected 424 gold pieces.
You spent 65 gold pieces at shops.

Inventory:

Hand Weapons
 m - a +0 war axe (weapon)
Armour
 o - a +1 chain mail (worn)
 v - a +0 helmet (worn)
Jewellery
 d - an uncursed ring of protection from cold {unknown}
 e - a +2 ring of protection
 h - an amulet of guardian spirit (around neck)
 l - a +6 ring of evasion (right hand)
 G - a +5 ring of strength (left hand)
Wands
 u - a wand of random effects (21)
 y - a wand of enslavement (4)
Scrolls
 a - 5 scrolls of teleportation
 i - a scroll of enchant armour
 k - 3 scrolls of remove curse
 w - a scroll of fear
 D - 2 scrolls of blinking
Potions
 b - a potion of lignification {unknown}
 f - 8 potions of curing
 g - 5 potions of berserk rage
 j - 2 potions of agility
 n - 3 potions of brilliance
 q - 3 potions of heal wounds
 r - a potion of mutation
 s - 3 potions of flight {unknown}
 x - a potion of ambrosia {unknown}
 z - a potion of magic {unknown}
 A - a potion of degeneration {unknown}
 B - a potion of cancellation {unknown}
Comestibles
 c - 19 rations


   Skills:
 + Level 9.1 Fighting
 + Level 7.6 Axes
 + Level 8.7 Armour
 + Level 6.7 Dodging


You had 9 spell levels left.
You didn't know any spells.
Your spell library was empty.

Dungeon Overview and Level Annotations

Branches:
Dungeon (9/15)             Temple (1/1) D:4
   Lair: D:8-11         Orc: D:9-12

Altars:
Ashenzari
Cheibriados
Fedhas
Gozag
Hepliaklqana
Kikubaaqudgha
Makhleb
Nemelex Xobeh
Okawaru
Xom
The Shining One

Shops:
D:5 !


Innate Abilities, Weirdness & Mutations

You are resistant to torment.
Your stone body is resilient. (AC +7)
You are immune to poison.
You resist negative energy. (rN+)
You are resistant to electric shocks. (rElec)
You can survive without breathing.
You are immune to petrification.
You are immune to rotting.


Message History

The orc dies!
Trog accepts your kill.
The orc priest miscasts a cantrip.
The iguana closely misses you. Something barely misses you.
The orc warrior hits you but does no damage.
The orc priest invokes the aid of Beogh against you.
Beogh smites you!
* * * LOW HITPOINT WARNING * * *
The iguana bites you but does no damage.
Something hits you but does no damage.
You hear a shout!
Your ogre hits the orc priest with a +0 giant spiked club!!
The orc priest dies!
Trog accepts your kill. The orc barely misses you.
The orc hits you but does no damage.
You hear some strange, mumbled words.
You are confused.
Your ogre barely misses the iguana.
The orc barely misses you.
The cyclops throws a large rock.
The large rock hits you!
You die...

...... ......(
....... .......
....... .......
. ...... .......
.. #.... .......
...#....#.....#
#.....#......#
##......@oO#
.......oo{.##.#.
......=.l†......
.......O)†......
...##.........#.
.. #............
. ##...[.......
...##.##.C.#
...# .. #..#


You could see a cyclops, an orc warrior, an ogre, an iguana, 2 orcs and a
friendly ogre (berserk).

Vanquished Creatures
  The ghost of scarywalker64 the Geomancer, a novice GrEE of Sif Muna (D:6)
  The ghost of icebox the Fighter, a novice GrAr (D:7)
  A centaur zombie (D:8)
  5 hippogriffs
  A shadow (D:8)
  3 yaks (D:11)
  A hungry ghost (D:7)
  2 ogres
  A crocodile (D:8)
  2 centaurs (D:8)
  4 bullfrogs
  A scorpion (D:8)
  10 wights
  3 crimson imps
  4 howler monkeys
  2 hounds
  An orc priest (D:4)
  7 orc wizards
  2 iguanas
  5 worker ants
  3 hell rats (D:5)
  A hound zombie (D:4)
  Robin (D:3)
  A worker ant zombie (D:8)
  10 adders
  4 river rats (D:5)
  A shadow imp (D:7)
  An ooze (D:2)
  3 adder skeletons
  An adder zombie (D:6)
  2 worms (D:4)
  5 dart slugs
  4 leopard geckos
  25 orcs
  6 giant cockroaches
  13 goblins
  11 hobgoblins
  8 jackals (D:1)
  4 kobolds
  4 quokkas
  4 ball pythons
  9 bats
  9 frilled lizards
  A jackal skeleton (D:6)
  A leopard gecko zombie (D:8)
  A quokka skeleton (D:5)
  A quokka zombie (D:6)
  17 rats
208 creatures vanquished.

Vanquished Creatures (collateral kills)
  The ghost of Elitist the Ruffian, a novice VSWr of Okawaru (D:6)
  An orc priest (D:11)
  2 orcs (D:11)
4 creatures vanquished.

Grand Total: 212 creatures vanquished

Notes
Turn   | Place    | Note
-------+----------+-------------------------------------------
     0 | D:1      | Fang the Gargoyle Berserker began the quest for the Orb.
     0 | D:1      | Reached XP level 1. HP: 14/14 MP: 1/1
    92 | D:1      | Reached XP level 2. HP: 16/19 MP: 2/2
   305 | D:1      | Reached XP level 3. HP: 11/23 MP: 3/3
   627 | D:1      | Reached ** piety under Trog
   891 | D:2      | Reached XP level 4. HP: 12/29 MP: 4/4
  1239 | D:2      | Reached skill level 4 in Fighting
  1589 | D:2      | Found a blossoming altar of Fedhas.
  2039 | D:3      | Noticed Robin
  2049 | D:3      | Killed Robin
  2049 | D:3      | Reached XP level 5. HP: 28/33 MP: 5/5
  2051 | D:3      | Reached *** piety under Trog
  2121 | D:3      | Found a sparkling altar of Nemelex Xobeh.
  2453 | D:4      | Reached XP level 6. HP: 28/39 MP: 4/6
  2781 | D:4      | Found a hazy altar of Hepliaklqana.
  3011 | D:4      | Found a staircase to the Ecumenical Temple.
  3365 | D:4      | Found a snail-covered altar of Cheibriados.
  3403 | Temple   | Entered the Ecumenical Temple
  3426 | D:5      | Entered Level 5 of the Dungeon
  3435 | D:5      | Reached skill level 5 in Fighting
  3521 | D:5      | Found Licaink's Distillery.
  3533 | D:5      | Reached **** piety under Trog
  3533 | D:5      | Reached XP level 7. HP: 44/44 MP: 7/7
  3539 | D:5      | Bought a potion of heal wounds for 65 gold pieces
  3771 | D:5      | Found the +2 ratskin cloak {+Rats rPois rN+ Str-1 Int-1
                  | Dex+1}
  3868 | D:5      | Found a shimmering altar of Xom.
  4209 | D:5      | Found a burning altar of Makhleb.
  4377 | D:6      | Reached skill level 5 in Armour
  4392 | D:6      | Reached XP level 8. HP: 34/51 MP: 6/8
  4606 | D:6      | Found a runed translucent gate.
  4606 | D:6      | Found a runed translucent gate.
  4606 | D:6      | Noticed Elitist's ghost (novice VSWr)
  4607 | D:6      | Found a runed translucent gate.
  4608 | D:6      | Noticed scarywalker64's ghost (novice GrEE)
  4687 | D:6      | Killed scarywalker64's ghost
  4687 | D:6      | Reached skill level 6 in Fighting
  4687 | D:6      | Reached skill level 5 in Axes
  4688 | D:6      | Killed Elitist's ghost
  4899 | D:7      | Found a runed translucent gate.
  4899 | D:7      | Found a runed translucent gate.
  4899 | D:7      | Found a runed translucent gate.
  4906 | D:7      | Noticed a hippogriff
  4919 | D:7      | Killed a hippogriff
  4919 | D:7      | Reached skill level 7 in Fighting
  4919 | D:7      | Reached skill level 5 in Dodging
  4919 | D:7      | Reached XP level 9. HP: 48/57 MP: 6/9
  5346 | D:7      | Noticed icebox's ghost (novice GrAr)
  5374 | D:7      | Killed icebox's ghost
  5686 | D:8      | Reached skill level 8 in Fighting
  5751 | D:8      | Reached XP level 10. HP: 45/64 MP: 10/10
  6009 | D:8      | Found an opulent altar of Gozag.
  6016 | D:8      | Found a shattered altar of Ashenzari.
  6459 | D:9      | Found a shimmering altar of Xom.
  6506 | D:9      | Found an iron altar of Okawaru.
  6650 | D:9      | Reached ***** piety under Trog
  6653 | D:9      | You fall through a shaft for 2 floors!
  6669 | D:11     | Reached skill level 9 in Fighting
  6683 | D:11     | Noticed a cyclops
  6686 | D:11     | Hit by a large rock thrown by a cyclops

Skill      XL: |  1  2  3  4  5  6  7  8  9 10 |
---------------+-------------------------------+-----
Axes           | 3 4 5 6 7 |  7.6
Dodging        | 2 3 5 6 |  6.7
Armour         | 3 4 5 6 7 8 |  8.7
Fighting       | 4 5 7 8 9 |  9.1

Action                   |  1- 3 |  4- 6 |  7- 9 | 10-12 || total
-------------------------+-------+-------+-------+-------++-------
Melee: Hand axe          |   112 |    71 |       |       ||   183
       War axe           |       |   194 |   342 |   152 ||   688
Invok: Berserk           |     1 |     2 |     2 |     1 ||     6
       Brothers in Arms  |       |       |     2 |     1 ||     3
  Use: Scroll            |       |       |     1 |    14 ||    15
  Eat: Chunk             |     1 |    11 |     7 |     3 ||    22
       Ration            |       |       |     2 |       ||     2
Armor: Animal skin       |    49 |    38 |       |       ||    87
       Chain mail        |       |    93 |   165 |    91 ||   349
Dodge: Dodged            |   109 |   246 |   384 |   162 ||   901
